 Dungeon Crawl Stone Soup version 0.20.1-1-g8b1a95d (webtiles) character file.

207 smedtjen the Skirmisher (level 5, 0/42 HPs)
             Began as a Demonspawn Abyssal Knight on Nov 8, 2017.
             Was a Believer of Lugonu.
             Succumbed to a worker ant's poison
             ... on level 4 of the Dungeon.
             The game lasted 00:16:17 (3613 turns).

smedtjen the Skirmisher (Demonspawn Abyssal Knight) Turns: 3613, Time: 00:16:17

Health: 0/42       AC:  6    Str: 13    XL:     5   Next: 54%
Magic:  16/16      EV:  9    Int: 14    God:    Lugonu [**....]
Gold:   154        SH:  4    Dex: 12    Spells: 4/4 levels left

rFire    . . .     SeeInvis .   a - +2 spear
rCold    . . .     Gourm    .   (no shield)
rNeg     . . .     Faith    .   u - +0 scale mail
rPois    .         Spirit   .   (no helmet)
rElec    .         Reflect  +   (no cloak)
rCorr    .         Harm     .   (no gloves)
MR       .....                  (no boots)
Stlth    ..........             e - +4 amulet of reflection
Regen    0.2/turn               i - ring of magical power
MPRegen  0.2/turn               (no ring)

@: lethally poisoned (0 -> -6)
A: talons 1, powered by death 2
a: Depart the Abyss, Bend Space, Renounce Religion


You were on level 4 of the Dungeon.
You worshipped Lugonu.
Lugonu was pleased with you.
You were not hungry.

You visited 1 branch of the dungeon, and saw 5 of its levels.
You visited the Abyss 1 time.

You collected 154 gold pieces.

Inventory:

Hand Weapons
 a - a +2 spear (weapon)
 h - a +0 flail
 n - a +0 club
Missiles
 r - 84 stones
 A - 4 tomahawks (quivered)
Armour
 b - a +1 leather armour
 u - a +0 scale mail (worn)
 x - a +0 ring mail
Jewellery
 e - a +4 amulet of reflection (around neck)
 i - a ring of magical power (left hand)
 k - an uncursed amulet of faith {unknown}
 w - an uncursed amulet of rage {unknown}
 y - an uncursed amulet of guardian spirit {unknown}
Scrolls
 j - a scroll of random uselessness
 s - a scroll of remove curse
 t - a scroll of enchant weapon
Potions
 d - a potion of berserk rage {unknown}
 f - a potion of mutation {unknown}
 g - a potion of flight {unknown}
 l - a potion of haste {unknown}
 p - a potion of might {unknown}
 q - a potion of curing {unknown}
 z - 2 potions of cancellation {unknown}
Comestibles
 c - 2 bread rations
 o - 3 meat rations
 v - a royal jelly


   Skills:
 + Level 3.8 Fighting
 + Level 3.6 Polearms
 + Level 2.5 Armour
 + Level 1.8 Dodging
 + Level 1.1 Stealth
 + Level 2.9 Invocations


You had 4 spell levels left.
You didn't know any spells.

Dungeon Overview and Level Annotations

Branches:
Dungeon (5/15)
 Temple: D:4-7

Altars:
Yredelemnul
Zin

Annotations:
D:4 Dowan


Innate Abilities, Weirdness & Mutations

You have sharp toenails.
You regenerate health from kills.


Message History

The orc wizard hits you with a dagger.
* * * LOW HITPOINT WARNING * * *
As you read the scroll of fog, it crumbles to dust.
The scroll dissolves into smoke.
The worker ant closely misses you. The orc wizard barely misses you.
The orc hits you with a short sword of protection.
* * * LOW HITPOINT WARNING * * *
The worker ant bites you.
* * * LOW HITPOINT WARNING * * *
You are lethally poisoned!
The worker ant poisons you!
An orc comes into view. It is wielding a club.
* * * LOW HITPOINT WARNING * * *
You feel sick. The orc wizard casts a spell at you. The magic dart hits you!
* * * LOW HITPOINT WARNING * * *
* * * LOW HITPOINT WARNING * * *
You feel sick. You block the orc wizard's attack.
You die...

............###..................
...........†# #..............#...
............# #..................
............###...............##.
..............................
.......#....§§.............#
.......#...§§§§§§...<......#
.....###...§§§a§§..........+
.....#####.§§§o§@..........#+##
..........o.§§o§........a.......
......o......§§§........e.......
................................
...#............................
...#............................
####............................
#............................
#...........................


You could see a worker ant, an orc wizard and an orc.

Vanquished Creatures
  An ogre (D:4)
  4 adders
  An ooze (D:3)
  2 worms
  2 dart slugs
  6 leopard geckos
  3 orcs
  3 giant cockroaches
  6 goblins
  7 hobgoblins
  2 jackals (D:3)
  6 quokkas
  A ball python (D:2)
  8 bats
  10 frilled lizards
  3 kobolds
  6 rats
71 creatures vanquished.

Notes
Turn   | Place    | Note
-------+----------+-------------------------------------------
     0 | Abyss:1  | smedtjen the Demonspawn Abyssal Knight began the quest for the Orb.
     0 | Abyss:1  | Reached XP level 1. HP: 18/18 MP: 2/2
   109 | Abyss:1  | Noticed a starcursed mass
   110 | D:1      | Escaped the Abyss
   320 | D:1      | Found a basalt altar of Yredelemnul.
   420 | D:1      | Reached skill level 1 in Dodging
   560 | D:1      | Gained mutation: You regenerate a little health from kills. [demonic ancestry]
   560 | D:1      | Reached XP level 2. HP: 23/24 MP: 4/4
  1214 | D:2      | Reached * piety under Lugonu
  1218 | D:2      | Reached XP level 3. HP: 21/29 MP: 5/5
  1694 | D:2      | Found a glowing silver altar of Zin.
  2195 | D:2      | Gained mutation: You regenerate health from kills. [demonic ancestry]
  2195 | D:2      | Reached XP level 4. HP: 35/35 MP: 6/6
  2659 | D:3      | Reached ** piety under Lugonu
  3245 | D:4      | Noticed Dowan
  3383 | D:4      | Noticed an ogre
  3386 | D:5      | Entered Level 5 of the Dungeon
  3454 | D:4      | Killed an ogre
  3454 | D:4      | Reached skill level 1 in Stealth
  3454 | D:4      | Gained mutation: You have sharp toenails. [demonic ancestry]
  3454 | D:4      | Reached XP level 5. HP: 42/42 MP: 7/7
  3611 | D:4      | HP: 2/42 [orc wizard/magic dart (2)]
  3613 | D:4      | Succumbed to a worker ant's poison

Skill      XL: |  1  2  3  4 |
---------------+-------------+-----
Polearms       | 2 3 |  3.6
Dodging        | 1 |  1.8
Armour         | 2 |  2.5
Stealth        | 1 |  1.1
Fighting       | |  3.8
Invocations    | |  2.9

Action                   |  1- 3 |  4- 6 || total
-------------------------+-------+-------++-------
Melee: Spear             |   155 |   119 ||   274
       Kick              |       |     1 ||     1
Invok: Depart the Abyss  |     1 |       ||     1
  Use: Scroll            |     6 |     8 ||    14
       Potion            |     2 |       ||     2
 Stab: Sleeping          |       |     2 ||     2
  Eat: Chunk             |     4 |     5 ||     9
Armor: Leather armour    |    28 |    16 ||    44
       Ring mail         |       |     6 ||     6
       Scale mail        |       |     4 ||     4
Dodge: Dodged            |    69 |    46 ||   115
Block: Other             |     8 |    17 ||    25
